 Dungeon Crawl Stone Soup version 0.24-a0-584-g9d6b971 (webtiles) character file.

Game seed: 12696723832580076420, levelgen mode: deterministic

640 AlmostDecent the Chopper (level 7, 54/54 HPs)
             Began as a Demonspawn Fighter on Sept 4, 2019.
             Quit the game on level 4 of the Dungeon.
             The game lasted 00:15:31 (4127 turns).

AlmostDecent the Chopper (Demonspawn Fighter)       Turns: 4127, Time: 00:15:32

Health: 54/54      AC: 15    Str: 19    XL:     7   Next: 26%
Magic:  7/7        EV:  3    Int:  9    God:
Gold:   284        SH:  9    Dex: 14    Spells: 6/6 levels left

rFire    . . .     SeeInvis .   a - +0 war axe
rCold    . . .     Gourm    .   c - +0 shield
rNeg     . . .     Faith    .   o - +0 plate armour
rPois    .         Spirit   .   s - +2 helmet
rElec    .         Reflect  .   (no cloak)
rCorr    .         Harm     .   (no gloves)
MR       .....                  (no boots)
Stlth    ..........             (no amulet)
HPRegen  0.18/turn              (no ring)
MPRegen  0.10/turn              (no ring)

@: no status effects
A: claws 1, thin skeletal structure 1, powered by death 1, powered by pain 1
a: no special abilities


You were on level 4 of the Dungeon.
You were hungry.

You visited 1 branch of the dungeon, and saw 4 of its levels.

You collected 284 gold pieces.

Inventory:

Hand Weapons
 a - a +0 war axe (weapon)
Armour
 c - a +0 shield (worn)
 o - a +0 plate armour (worn)
 s - a +2 helmet (worn)
Scrolls
 b - a scroll of blinking {unknown}
 g - 3 scrolls of remove curse
 h - 2 scrolls of magic mapping {unknown}
 i - 9 scrolls of identify {unknown}
 j - a scroll of random uselessness {unknown}
 l - a scroll of enchant weapon {unknown}
 n - a scroll of fog {unknown}
 q - 2 scrolls of immolation {unknown}
Potions
 d - 3 potions of might
 e - a potion of brilliance {unknown}
 k - 2 potions of agility {unknown}
 m - a potion of curing
 p - a potion of invisibility
 r - 2 potions of magic {unknown}
 t - a potion of ambrosia {unknown}
 u - 3 potions of berserk rage {unknown}
Comestibles
 f - 3 rations


   Skills:
 + Level 4.2 Fighting
 + Level 5.0 Axes
 + Level 4.0 Armour
 + Level 0.2 Dodging
 + Level 0.2 Stealth
 + Level 4.2 Shields


You had 6 spell levels left.
You didn't know any spells.
Your spell library was empty.

Dungeon Overview and Level Annotations

Branches:
Dungeon (4/15)
 Temple: D:4-7

Altars:
Elyvilon
Fedhas
The Shining One


Innate Abilities, Weirdness & Mutations

You have sharp fingernails.
You have a somewhat thin skeletal structure. (Dex +2, Stealth)
You regenerate a little health from kills.
You sometimes gain a little power by taking damage.


Message History

You feel a bit more experienced.
You see here a +0 trident.
All of the chunks of flesh in your inventory have rotted away.
Found a shiny helmet.
You see here a shiny helmet.
s - a shiny helmet You start putting on your armour.
You continue putting on your shiny helmet. x4
You finish putting on your +2 helmet.
Found a war axe.
You are feeling hungry.
You see here a war axe.
Things that are here:
a +0 falchion; 4 javelins You see here a leather armour.
Found a stone staircase leading up.
There is a stone staircase leading up here.
Found an escape hatch in the ceiling.
Done exploring.
Are you sure you want to abandon this character and quit the game? (Confirm with "yes".)

.#.###................#
.......####.#########.#
...#####.##.## #.#
...........#.## #.#
.[.#####..###.# #.#
#..# ##.#.#.## #.#
#..####.#.#.## #.#
>......###..#########.#
#.....## ##.....@...<.#
#.####.###......#######
#.###.#.#.#.###.#
.....###.###.##.#
#####.#####.###.#
##.###.####.#
#..#.......#
######.#.########
.......###


There were no monsters in sight!

Vanquished Creatures
  Grinder (D:4)
  A bullfrog (D:4)
  A hound (D:4)
  An orc wizard (D:4)
  2 orc priests
  Natasha (thrice) (D:4)
  2 worker ants
  A hound skeleton (D:4)
  A gnoll (D:1)
  3 adders
  An ooze (D:3)
  2 worms (D:3)
  A dart slug (D:2)
  2 leopard geckos (D:4)
  8 orcs
  A ball python (D:3)
  5 giant cockroaches
  6 goblins
  12 hobgoblins
  9 kobolds
  A quokka (D:4)
  10 bats
  4 frilled lizards
  6 rats
84 creatures vanquished.

Notes
Turn   | Place    | Note
-------+----------+-------------------------------------------
     0 | D:1      | AlmostDecent the Demonspawn Fighter began the quest for the
                  | Orb.
     0 | D:1      | Reached XP level 1. HP: 18/18 MP: 1/1
   155 | D:1      | Gained mutation: You have a somewhat thin skeletal
                  | structure. (Dex +2, Stealth) [demonic ancestry]
   155 | D:1      | Reached XP level 2. HP: 12/24 MP: 2/2
   306 | D:1      | Reached skill level 2 in Axes
   613 | D:1      | Reached XP level 3. HP: 28/29 MP: 3/3
  1925 | D:2      | Gained mutation: You regenerate a little health from kills.
                  | [demonic ancestry]
  1925 | D:2      | Reached XP level 4. HP: 35/35 MP: 4/4
  2106 | D:3      | Reached skill level 3 in Axes
  2344 | D:3      | Found a white marble altar of Elyvilon.
  2436 | D:3      | Found a glowing golden altar of the Shining One.
  2470 | D:3      | Reached XP level 5. HP: 31/42 MP: 5/5
  2479 | D:3      | Found a blossoming altar of Fedhas.
  3417 | D:4      | Gained mutation: You have sharp fingernails. [demonic
                  | ancestry]
  3417 | D:4      | Reached XP level 6. HP: 48/48 MP: 6/6
  3430 | D:4      | Noticed Natasha
  3439 | D:4      | Killed Natasha
  3439 | D:4      | Reached skill level 4 in Axes
  3728 | D:4      | Noticed Grinder
  3729 | D:4      | Paralysed by Grinder for 3 turns
  3749 | D:4      | Killed Grinder
  3749 | D:4      | Gained mutation: You sometimes gain a little power by
                  | taking damage. [demonic ancestry]
  3749 | D:4      | Reached XP level 7. HP: 28/54 MP: 7/7
  3954 | D:4      | Noticed Natasha
  3960 | D:4      | Killed Natasha
  3965 | D:4      | Noticed Natasha
  3978 | D:4      | Killed Natasha
  3978 | D:4      | Reached skill level 5 in Axes
  4127 | D:4      | Quit the game

Levels and vault maps discovered:
D:1:      shiori_arrival_elements, layout_basic
D:2:      layout_basic, hex_tiny
D:3:      layout_basic, lemuel_round_altar, nicolae_overflow_crystal_walls,
          first_ration, elyvilon_altar_5
D:4:      layout_loops_ring, minmay_circle_x, uniq_grinder, uniq_natasha

Skill      XL: |  1  2  3  4  5  6  7 |
---------------+----------------------+-----
Axes           | 2 3 4 5 |  5.0
Armour         | 3 4 |  4.0
Shields        | 3 4 |  4.2
Fighting       | 4 |  4.2
Dodging        | |  0.2
Stealth        | |  0.2

Action                   |  1- 3 |  4- 6 |  7- 9 || total
-------------------------+-------+-------+-------++-------
Melee: War axe           |   109 |   184 |    21 ||   314
  Use: Scroll            |     1 |       |       ||     1
  Eat: Chunk             |     3 |     6 |     1 ||    10
Armor: Scale mail        |    30 |       |       ||    30
       Plate armour      |     9 |   132 |    14 ||   155
       Chain mail        |     8 |       |       ||     8
Dodge: Dodged            |    33 |    28 |     3 ||    64
Block: Shield            |    56 |    94 |     2 ||   152

Table legend:
 A = Non-vault XP
 B = Vault XP
 C = Vault XP percentage of total XP
 D = Non-vault monster count
 E = Vault monster count
 F = Vault count percentage of total count
                 A         B        C        D         E       F
            +---------+---------+-------+---------+---------+-------
      Total |     460 |     455 |  49.7 |      77 |       7 |   8.3
            +---------+---------+-------+---------+---------+-------
        D:1 |      51 |       0 |   0.0 |      25 |       0 |   0.0
        D:2 |      54 |       0 |   0.0 |      16 |       0 |   0.0
        D:3 |     123 |       0 |   0.0 |      23 |       0 |   0.0
        D:4 |     232 |     455 |  66.2 |      13 |       7 |  35.0
            +---------+---------+-------+---------+---------+-------
